 Dungeon Crawl Stone Soup version 0.31.0-11-ge490571c62 (webtiles) character file.

Game seed: 12736532508971338472

794 dialectric the Covered (level 7, -10/45 HPs)
             Began as a Gargoyle Fighter on Feb 3, 2024.
             Mangled by an orc warrior
             ... wielding a +4 heavy halberd
              (20 damage)
             ... on level 4 of the Dungeon.
             The game lasted 00:05:27 (4256 turns).

dialectric the Covered (Gargoyle Fighter)           Turns: 4256, Time: 00:05:27

Health: -10/45     AC: 14    Str: 21    XL:     7   Next: 89%
Magic:  7/7        EV: 25    Int:  9    God:
Gold:   248        SH:  0    Dex:  9    Spells: 6/6 levels left

rFire   . . .        t - +1 whip (venom)
rCold   . . .        (no shield)
rNeg    + . .        b - +0 scale mail
rPois   ∞            (no helmet)
rElec   +            (no cloak)
rCorr   .            (no gloves)
SInv    +            w - +1 pair of boots
Will    .....        k - amulet of the acrobat Stlth
                     o - ring of see invisible
HPRegen 0.27/turn    (no ring)
MPRegen 0.10/turn

%: acrobat
@: acrobatic
A: sickness immunity, AC +4, negative energy resistance 1, electricity
resistance, torment resistance 1, petrification resistance
a: no special abilities


You were on level 4 of the Dungeon.
You visited 1 branch of the dungeon, and saw 5 of its levels.

You collected 248 gold pieces.

Inventory:

Hand Weapons
 a - a +0 flail
 t - a +1 whip of venom (weapon)
 C - the +3 short sword "Fualell" {heavy, SInv}
   (You found it on level 4 of the Dungeon)

   SInv:      It lets you see invisible.
Armour
 b - a +0 scale mail (worn)
 c - a +0 buckler
 w - a +1 pair of boots (worn)
Jewellery
 k - an amulet of the acrobat (around neck)
 o - a ring of see invisible (left hand)
 q - a ring of resist corrosion
Wands
 v - a wand of iceblast (2)
Scrolls
 g - 2 scrolls of identify
 h - a scroll of silence {unknown}
 s - a scroll of teleportation {unknown}
 u - a scroll of noise {unknown}
 y - a scroll of immolation {unknown}
 z - a scroll of brand weapon {unknown}
 A - a scroll of poison {unknown}
 B - 2 scrolls of torment {unknown}
Potions
 d - 4 potions of might
 e - a potion of magic {unknown}
 f - a potion of ambrosia
 i - a potion of enlightenment {unknown}
 j - a potion of brilliance {unknown}
 l - a potion of attraction
 n - 2 potions of cancellation
 p - a potion of mutation
 r - a potion of resistance {unknown}
 x - 2 potions of degeneration {unknown}


   Skills:
 * Level 5.7 Fighting
 + Level 5.2 Maces & Flails
 + Level 5.7 Armour
 - Level 1.0 Dodging
 - Level 2.2 Stealth
 + Level 3.7 Shields
 + Level 0.3 Evocations


You had 6 spell levels left.
You didn't know any spells.
Your spell library contained the following spells:

 Spells                   Type           Power      Damage    Failure   Level
 Sandblast                Erth           0%         2d4       71%         1
 Passwall                 Erth           0%         N/A       97%         3
 Stone Arrow              Conj/Erth      0%         3d7       97%         3
 Brom's Barrelling Bould  Conj/Erth      0%         2d3       100%        4


Dungeon Overview and Level Annotations

Branches:
Dungeon (5/15)             Temple (0/1) D:4

Altars:
Elyvilon
Zin
The Shining One


Innate Abilities, Weirdness & Mutations

You are immune to sickness and miasma.
Your stone body is resilient. (AC +4)
You are immune to poison.
You resist negative energy. (rN+)
You are resistant to electric shocks. (rElec)
You are resistant to unholy torment.
You are immune to petrification.


Message History

The orc warrior is lightly wounded.
The orc warrior hits you with a +4 heavy halberd!
* * * LOW HITPOINT WARNING * * *
You closely miss the orc warrior.
The orc warrior is lightly wounded.
The orc warrior misses you.
Unknown command.
There is a stone staircase leading up here.
The orc warrior throws a poisoned dart.
The poisoned dart hits you!
You climb upwards.
There is a stone staircase leading down here.
Unknown command.
You start resting.
HP restored.
You start waiting.
Done waiting.
You climb downwards.
The orc warrior hits you with a +4 heavy halberd!!
Ouch! That really hurt!
The orc barely misses you.
There is a stone staircase leading up here.
Unknown command.
You are too injured to fight recklessly!
Unknown command.
The orc warrior hits you with a +4 heavy halberd!
* * * LOW HITPOINT WARNING * * *
The orc closely misses you.
You climb upwards.
There is a stone staircase leading down here.
Unknown command.
Unknown command.
The orc barely misses you. The orc warrior barely misses you.
You feel better. The orc hits you but does no damage.
Unknown command.
The orc warrior attacks as it pursues you!
The orc warrior misses you. The orc misses you.
The orc warrior attacks as it pursues you!
The orc warrior hits you from afar with a +4 heavy halberd!!
You die...

.....##..........................
###########......................
##.....................
##....................
#....................
##...)>...............
##.....))..............
######.....................#
######..........@...............#
................o................
..#########.....o................
### ##....................... #
##........................
##...<...>.................
#..........................
##..........................
##...........................


You could see an orc warrior and an orc.

Vanquished Creatures
  A black bear (D:4)
  A centaur (D:5)
  An ogre (D:5)
  2 phantoms
  A scorpion (D:4)
  A bombardier beetle (D:4)
  A hound (D:5)
  An orc priest (D:5)
  2 iguanas
  5 gnolls
  3 adders
  5 dart slugs
  2 ribbon worms (D:2)
  2 orcs
  7 ball pythons
  7 bats
  5 endoplasms
  4 giant cockroaches
  5 goblins
  7 hobgoblins
  12 jackals
  6 kobolds
  3 quokkas
  5 frilled lizards
  10 rats
99 creatures vanquished.

Notes
Turn   | Place    | Note
-------+----------+-------------------------------------------
     0 | D:1      | dialectric the Gargoyle Fighter began the quest for the
                  | Orb.
     0 | D:1      | Reached XP level 1. HP: 14/14 MP: 1/1
    74 | D:1      | Reached XP level 2. HP: 5/19 MP: 2/2
   456 | D:1      | Reached XP level 3. HP: 23/23 MP: 3/3
  1183 | D:2      | Reached XP level 4. HP: 21/28 MP: 4/4
  1698 | D:2      | Found a faded altar of an unknown god.
  2187 | D:3      | Found a glowing silver altar of Zin.
  2187 | D:3      | Found a white marble altar of Elyvilon.
  2188 | D:3      | Found a glowing golden altar of the Shining One.
  2250 | D:3      | Reached skill level 1 in Dodging
  2326 | D:3      | Reached XP level 5. HP: 33/33 MP: 5/5
  2821 | D:4      | Identified the +3 short sword "Fualell" {heavy, SInv}
  2887 | D:4      | Noticed a black bear
  2895 | D:4      | Killed a black bear
  2896 | D:4      | Reached XP level 6. HP: 20/38 MP: 6/6
  2909 | D:5      | Entered Level 5 of the Dungeon
  3008 | D:5      | Reached skill level 5 in Fighting
  3008 | D:5      | Reached skill level 5 in Armour
  3078 | D:4      | Found a staircase to the Ecumenical Temple.
  3097 | D:4      | Reached XP level 7. HP: 35/44 MP: 7/7
  3401 | D:4      | Reached skill level 1 in Stealth
  3893 | D:4      | Reached skill level 5 in Maces & Flails
  4249 | D:5      | HP: 1/45 [orc warrior/+4 heavy halberd (16)]
  4256 | D:4      | Mangled by an orc warrior

Illustrated notes

Levels and vault maps discovered:
D:1:      dpeg_arrival_houses_and_road, layout_basic
D:2:      minmay_angry_zag, layout_basic,
          hellmonk_ecumenical_altar_inner_sanctum, chequers_decorated_corner,
          chequers_serial_rivers_micro_d
D:3:      layout_basic, good_gods_temple_1, kennysheep_boxes
D:4:      layout_layer_cave, minmay_temple_entry_overgrown
D:5:      layout_basic, grunt_ministairs_6

Skill      XL: |  1  2  3  4  5  6  7 |
---------------+----------------------+-----
Armour         | 4 5 |  5.7
Maces & Flails | 3 4 5 |  5.2
Dodging        | 1 |  1.0
Fighting       | 4 5 |  5.7
Stealth        | 2 |  2.2
Shields        | |  3.7
Evocations     | |  0.3

Action                     |  1- 3 |  4- 6 |  7- 9 || total
---------------------------+-------+-------+-------++-------
  Melee: Flail             |   153 |    46 |       ||   199
         Whip              |       |   106 |    95 ||   201
         Punch             |       |     2 |     1 ||     3
  Evoke: Wand              |       |     2 |     2 ||     4
    Use: Scroll            |       |     5 |       ||     5
         Potion            |       |       |     1 ||     1
 Armour: Scale mail        |   151 |    89 |    68 ||   308
  Dodge: Dodged            |   103 |    94 |    76 ||   273
  Block: Buckler           |    19 |       |       ||    19
